 Seeded DCSS version 0.29-a0-321-gf1c400731a (webtiles) character file.

Game seed: 14607736244556014094 (custom seed)

884 rabbitsville the Cleaver (level 8, 0/71 HPs)
             Began as a Hill Orc Monk on Apr 4, 2022.
             Was a Believer of Beogh.
             Slain by a killer bee (5 damage)
             ... on level 5 of the Dungeon.
             The game lasted 00:12:53 (4750 turns).

rabbitsville the Cleaver (Hill Orc Monk)            Turns: 4750, Time: 00:12:53

Health: 0/71       AC:  6    Str: 16    XL:     8   Next: 5%
Magic:  8/8        EV: 10    Int: 10    God:    Beogh [**....]
Gold:   131        SH:  0    Dex: 19    Spells: 7/7 levels left

rFire   . . .      SeeInvis .   a - +0 war axe
rCold   . . .      Faith    .   (no shield)
rNeg    . . .      Spirit   .   i - +0 scale mail
rPois   .          Reflect  .   (no helmet)
rElec   .          Harm     .   (no cloak)
rCorr   .          Rampage  .   (no gloves)
Will    .....                   (no boots)
Stlth   ..........              r - amulet of the acrobat
HPRegen 0.21/turn               t - +6 ring of dexterity
MPRegen 0.11/turn               (no ring)

@: confused, mighty, lethally poisoned (0 -> -16), ambrosia-drunk, attractive,
flying
A: no striking features
a: Renounce Religion, Smiting


You were on level 5 of the Dungeon.
You worshipped Beogh.
Beogh was pleased with you.
You visited 1 branch of the dungeon, and saw 5 of its levels.
You also visited: Sewer.

You collected 217 gold pieces.
You spent 86 gold pieces at shops.

Inventory:

Hand Weapons
 a - a +0 war axe (weapon)
 b - a +0 hunting sling
 n - a +0 hand axe
 q - a +4 dire flail of protection
Missiles
 k - 2 throwing nets (quivered)
Armour
 e - a +0 robe of fire resistance
 i - a +0 scale mail (worn)
 p - a +0 robe
Jewellery
 r - an amulet of the acrobat (around neck)
 t - a +6 ring of dexterity (left hand)
Scrolls
 f - a scroll of enchant armour {unknown}
 g - 5 scrolls of teleportation {unknown}
 h - 5 scrolls of identify {unknown}
 j - a scroll of holy word {unknown}
 l - a scroll of fear {unknown}
 m - a scroll of immolation {unknown}
 o - a scroll of summoning {unknown}
 u - a scroll of blinking
 v - a scroll of torment {unknown}
Potions
 s - a potion of attraction


   Skills:
 + Level 6.5 Fighting
 * Level 8.6 Axes
 * Level 4.2 Slings
 - Level 2.4 Dodging
 - Level 1.5 Stealth


You had 7 spell levels left.
You didn't know any spells.
Your spell library was empty.

Dungeon Overview and Level Annotations

Branches:
Dungeon (5/15)              Sewer (visited)
 Temple: D:4-7

Altars:
Elyvilon
Nemelex Xobeh
Uskayaw
Xom

Shops:
D:3 (!:


Message History

The iguana is moderately wounded.
You feel sick. The iguana closely misses you.
You slash the iguana!
You kill the iguana!
Beogh accepts your kill.
You feel sick. The killer bee stings you.
* * * LOW HITPOINT WARNING * * *
You miss the killer bee.
You feel sick. The killer bee closely misses you. The killer bee stings you!
* * * LOW HITPOINT WARNING * * *
You feel much better.
You feel sick.
The killer bee stings you but does no damage.
The killer bee barely misses you.
You are confused.
You feel invigorated.
You feel sick. The killer bee stings you.
You are more poisoned.
The killer bee poisons you! The killer bee stings you.
* * * LOW HITPOINT WARNING * * *
You bump into the rock wall.
You feel sick. The killer bee closely misses you. The killer bee stings you!
* * * LOW HITPOINT WARNING * * *
You are lethally poisoned!
The killer bee poisons you!
It was a potion of attraction.
You feel attractive to monsters.
* * * LOW HITPOINT WARNING * * *
You feel very sick. The killer bee stings you.
* * * LOW HITPOINT WARNING * * *
You are more poisoned.
The killer bee poisons you! The killer bee closely misses you.
It was a potion of flight.
You feel very buoyant.
You fly up into the air.
* * * LOW HITPOINT WARNING * * *
You feel very sick. The killer bee stings you.
* * * LOW HITPOINT WARNING * * *
The killer bee stings you.
You die...

#....# ####'##
#....# #.#
#....######### #.#
#....+.......###.#
#....#...........#
... #.#####.#####
#'# #.# #.# #y#
#.# #.# #@# #.#
#.# #.# #.# #.#
#.# #.# #.# #.#
#.# #.# #.# #.#
#.###.# #....^#
#######


You could see a killer bee.

Vanquished Creatures
  A phantom (D:4)
  2 bullfrogs (Sewer)
  2 scorpions (D:4)
  3 killer bees (D:5)
  4 crimson imps (D:3)
  A hound (D:4)
  An orc priest (D:4)
  3 iguanas
  Jessica (D:3)
  An orc wizard (D:4)
  2 adders
  A worm (D:4)
  2 dart slugs (D:1)
  8 orcs (D:4)
  7 bats
  9 endoplasms
  16 giant cockroaches
  8 hobgoblins
  9 quokkas
  4 ball pythons
  10 frilled lizards
  4 goblins
  3 kobolds
  3 rats
105 creatures vanquished.

Vanquished Creatures (others)
  2 orc priests (D:4)
  4 orcs (D:4)
  A hobgoblin (D:4)
  A kobold (D:4)
8 creatures vanquished.

Grand Total: 113 creatures vanquished

Notes
Turn   | Place    | Note
-------+----------+-------------------------------------------
     0 | D:1      | rabbitsville the Hill Orc Monk began the quest for the Orb.
     0 | D:1      | Reached XP level 1. HP: 19/19 MP: 1/1
   318 | D:1      | Reached XP level 2. HP: 27/27 MP: 2/2
   958 | D:1      | Reached XP level 3. HP: 29/34 MP: 3/3
  1408 | D:2      | Reached skill level 5 in Axes
  1498 | D:2      | Found a faded altar of an unknown god.
  1859 | D:3      | Noticed Jessica
  1875 | D:3      | Killed Jessica
  1876 | D:3      | Reached XP level 4. HP: 39/41 MP: 4/4
  1882 | D:3      | Found Zaticown's Book Shop.
  1934 | D:3      | Found Laecimic's Weapon Shoppe.
  1940 | D:3      | Bought a +0 war axe for 42 gold pieces
  1961 | D:3      | Found a glowing drain.
  1963 | D:3      | Reached skill level 5 in Fighting
  1988 | Sewer    | Entered a sewer
  2407 | Sewer    | Noticed a bullfrog
  2415 | Sewer    | Killed a bullfrog
  2416 | Sewer    | Reached skill level 6 in Axes
  2416 | Sewer    | Reached skill level 1 in Slings
  2416 | Sewer    | Reached XP level 5. HP: 39/48 MP: 5/5
  2432 | Sewer    | Reached XP level 6. HP: 22/56 MP: 6/6
  2909 | D:3      | HP: 2/56 [iguana (10)]
  3238 | D:3      | Found a shimmering altar of Xom.
  3281 | D:3      | Reached skill level 7 in Axes
  3397 | D:3      | Noticed a +0 short sword
  3397 | D:3      | Noticed a +0 spear
  3398 | D:3      | Noticed a +0 dagger
  3398 | D:3      | Noticed a +0 falchion
  3398 | D:3      | Noticed a +0 dagger
  3399 | D:3      | Noticed a +0 falchion
  3400 | D:3      | Noticed a +0 spear
  3401 | D:3      | Noticed a +0 short sword
  3474 | D:3      | Found Gegant's Distillery.
  3481 | D:3      | Bought a potion of might for 44 gold pieces
  3517 | D:3      | Found a hide-covered altar of Uskayaw.
  3588 | D:4      | Became a worshipper of Beogh the Brigand
  3588 | D:4      | Reached * piety under Beogh
  3588 | D:4      | Reached ** piety under Beogh
  3635 | D:4      | Found a white marble altar of Elyvilon.
  3684 | D:4      | Reached XP level 7. HP: 34/62 MP: 7/7
  4242 | D:4      | Found a sparkling altar of Nemelex Xobeh.
  4364 | D:4      | Reached skill level 8 in Axes
  4543 | D:4      | Found Tycidgha's General Store.
  4678 | D:5      | Entered Level 5 of the Dungeon
  4742 | D:5      | Reached XP level 8. HP: 26/71 MP: 8/8
  4745 | D:5      | HP: 3/71 [killer bee (7)]
  4750 | D:5      | Slain by a killer bee

Illustrated notes

Levels and vault maps discovered:
D:1:      minmay_arrival_solitary_statue, layout_loops_cross,
          minmay_crystal_water, minmay_misc_feat_plants
D:2:      layout_basic, shapermc_ecumenical_altar_venn, interstate_on_off,
          nicolae_elevator_lobby_asterisk
D:3:      layout_rooms, nicolae_uskayaw_en_pointe, led_xom_imps,
          portal_sewer_entry_f, serial_shops, nicolae_lakefront_shop,
          nicolae_shop_advertising_works [nicolae_subvault_shop_adworks], shop,
          minivault_26, uniq_jessica
D:4:      layout_cave_pools, elyvilon_altar_5, nemelex_dance_club_becter,
          serial_shops, nicolae_shop_temple_entry_statues_fountains,
          kennysheep_generic_room_12
D:5:      layout_basic

Skill      XL: |  1  2  3  4  5  6  7 |
---------------+----------------------+-----
Fighting       | 4 5 6 |  6.5
Axes           | 5 6 7 8 |  8.6
Slings         | 1 2 3 4 |  4.2
Dodging        | |  2.4
Stealth        | |  1.5

Action                   |  1- 3 |  4- 6 |  7- 9 || total
-------------------------+-------+-------+-------++-------
Melee: Hand axe          |    90 |     6 |       ||    96
       War axe           |       |   137 |    87 ||   224
       Punch             |       |     2 |       ||     2
 Fire: Hunting sling     |       |    85 |    13 ||    98
Invok: Convert to Beogh  |       |     1 |       ||     1
  Use: Potion            |       |     1 |     6 ||     7
 Stab: Sleeping          |     3 |       |       ||     3
       Distracted        |     1 |       |       ||     1
Armor: Robe              |    15 |       |       ||    15
       Scale mail        |    10 |    62 |    28 ||   100
Dodge: Dodged            |    55 |    83 |    63 ||   201

Table legend: (Time is in decaauts)
 A = Elapsed time spent in this place.
 B = Non-inter-level travel time spent in this place.
 C = Inter-level travel time spent in this place.
 D = Time resting spent in this place.
 E = Time spent auto-exploring this place.
 F = Levels seen in this place.
 G = Mean time per level.
                   A        B        C        D        E       F      G
               +--------+--------+--------+--------+--------+-----+--------+
         Total |   4974 |   4921 |     53 |    294 |   2882 |   6 |  829.0 |
       Dungeon |   3891 |   3838 |     53 |    294 |   2470 |   5 |  778.2 |
         Sewer |   1082 |   1082 |      0 |      0 |    412 |   1 | 1082.0 |
               +--------+--------+--------+--------+--------+-----+--------+

Top non-repeatable levels by time:
     D:1: 1171 daAuts
     D:4: 1107 daAuts
   Sewer: 1082 daAuts
     D:3: 845 daAuts
     D:2: 694 daAuts
     D:5: 73 daAuts
